 Dungeon Crawl Stone Soup version 0.30-a0-528-g8c47a4955b (webtiles) character file.

Game seed: 8322285266910002096

2626 experimilk the Destroyer (level 9, -2/62 HPs)
             Began as a Grey Draconian Conjurer on Dec 23, 2022.
             Was a Follower of Kikubaaqudgha.
             Killed from afar by a steam dragon (18 damage)
             ... with a ball of steam
             ... on level 8 of the Dungeon.
             The game lasted 00:19:01 (8296 turns).

experimilk the Destroyer (Grey Draconian Conjurer)  Turns: 8296, Time: 00:19:02

Health: -2/62      AC: 13    Str:  9    XL:     9   Next: 34%
Magic:  3/14       EV: 16    Int: 29    God:    Kikubaaqudgha [*.....]
Gold:   228        SH:  0    Dex: 10    Spells: 2/15 levels left

rFire   . . .      SeeInvis .    E - +4 hand axe (drain)
rCold   . . .      Faith    .    (no shield)
rNeg    . . .      Spirit   .    (body armour unavailable)
rPois   .          Reflect  .    (helmet restricted)
rElec   .          Harm     .    s - +0 cloak
rCorr   .          Rampage  .    (no gloves)
Will    .....                    (no boots)
Stlth   ++                       f - amulet of regeneration
HPRegen 1.10/turn                o - +6 ring of intelligence
MPRegen 0.14/turn                v - +4 ring of evasion

@: on berserk cooldown, slowed, very slow
A: AC +12, amphibious, unfitting armour, cold-blooded
a: Renounce Religion, Unearth Wretches


You were on level 8 of the Dungeon.
You worshipped Kikubaaqudgha.
Kikubaaqudgha was aware of your devotion.
You visited 2 branches of the dungeon, and saw 8 of its levels.

You collected 267 gold pieces.
You spent 39 gold pieces at shops.

Inventory:

Hand Weapons
 E - a +4 hand axe of draining (weapon)
Armour
 s - a +0 cloak (worn)
Magical Staves
 y - a staff of death
Jewellery
 d - an amulet of the acrobat
 f - an amulet of regeneration (around neck)
 o - a +6 ring of intelligence (left hand)
 p - a +6 ring of dexterity
 v - a +4 ring of evasion (right hand)
 F - a ring of positive energy
Wands
 b - a wand of flame (1)
 t - a wand of mindburst (22)
 x - a wand of charming (5)
Scrolls
 e - a scroll of teleportation
 j - 2 scrolls of enchant weapon
 k - 2 scrolls of vulnerability {unknown}
 m - a scroll of magic mapping {unknown}
 q - a scroll of silence {unknown}
 u - a scroll of poison {unknown}
 w - a scroll of immolation {unknown}
 C - a scroll of enchant armour {unknown}
Potions
 a - a potion of ambrosia
 h - 2 potions of haste
 l - a potion of attraction
 r - 2 potions of flight {unknown}
 z - a potion of invisibility {unknown}
 B - 3 potions of heal wounds {unknown}
 D - 2 potions of lignification {unknown}


   Skills:
 - Level 1.7 Dodging
 - Level 1.7 Stealth
 + Level 3.7 Spellcasting
 * Level 9.1 Conjurations
 * Level 9.1 Necromancy


You had 2 spell levels left.
You knew the following spells:

 Your Spells              Type           Power      Damage    Failure   Level
a - Vampiric Draining     Necr           56%        2d10      1%          3
b - Magic Dart            Conj           100%       1d8       1%          1
r - Cigotuvi's Dreadful   Necr/Pois/Air  46%        N/A       3%          2
v - Kiss of Death         Conj/Necr      100%       2d13      1%          1
x - Iskenderun's Mystic   Conj/Tloc      32%        2d8       11%         4
z - Searing Ray           Conj           100%       2d8       1%          2

Your spell library contained the following spells:

 Spells                   Type           Power      Damage    Failure   Level
 Necrotise                Necr           100%       1d9       1%          1
 Shock                    Conj/Air       100%       1d9       1%          1
 Animate Dead             Necr           56%        N/A       1%          4
 Dazzling Flash           Conj/Hex       64%        N/A       3%          3
 Agony                    Necr           56%        N/A       4%          5
 Fulminant Prism          Conj/Hex       16%        3d10      11%         4
 Swiftness                Air            5%         N/A       22%         3
 Airstrike                Air            2%         2d(1-17)  56%         4


Dungeon Overview and Level Annotations

Branches:
Dungeon (6/15)             Temple (1/1) D:4

Altars:
Ashenzari
Cheibriados
Elyvilon
Fedhas
Kikubaaqudgha
Makhleb
Nemelex Xobeh
Okawaru
Qazlal
Ru
Sif Muna
Trog
Uskayaw
Vehumet
Wu Jian
Xom
Yredelemnul
The Shining One

Shops:
D:1 !   D:4 [


Innate Abilities, Weirdness & Mutations

Your dull iron-grey scales are very hard. (AC +12)
You are amphibious.
You cannot fit into any form of body armour.
You are cold-blooded and may be slowed by cold attacks.


Message History

The centaur hits you with the +9 great sword "Lygiev" {vorpal, +Blink SInv}.
The centaur barely misses you.
You feel better.
The centaur hits you but does no damage.
The centaur misses you.
The centaur hits you with the +9 great sword "Lygiev" {vorpal, +Blink SInv}!
The centaur kicks you.
You feel better.
The centaur hits you with the +9 great sword "Lygiev" {vorpal, +Blink SInv}!
* * * LOW HITPOINT WARNING * * *
x2 The centaur kicks you but does no damage.
A red film seems to cover your vision as you go berserk!
You feel yourself moving faster!
You feel mighty!
The centaur hits you with the +9 great sword "Lygiev" {vorpal, +Blink SInv}.
* * * LOW HITPOINT WARNING * * *
x2 The centaur completely misses you.
The centaur hits you with the +9 great sword "Lygiev" {vorpal, +Blink SInv}.
* * * LOW HITPOINT WARNING * * *
x2 The centaur kicks you but does no damage.
Unknown command.
You slash the centaur!
You kill the centaur!
Kikubaaqudgha accepts your kill.
Items here: )) [ †.
A steam dragon comes into view.
You feel a strong urge to attack something.
The steam dragon hisses angrily.
You hear two shouts!
Things that are here:
a +1 vampiric hand axe; a +0 plate armour You feel your anger nearly subside.
You are no longer berserk.
You are exhausted.
You feel yourself slow down.
Things that are here:
a +1 vampiric hand axe; a +0 plate armour
Items here: )) [ †.
An ice beast comes into view.
The steam dragon breathes steam at you. The ball of steam hits you!!
You die...
Kikubaaqudgha rasps: "You have failed me!
Welcome... death!"

#.......#
..##.....#
#.......##..#
.....##
######OY...#
.#..### #.#..## #D#
## #†# #§# #####§#
#..)@.# #.##### #.#
#.# ########.#
#...!..#.#
#.####.#.# #.#
#.#.###############
#.#
#.#...............#


There were no monsters in sight!

Vanquished Creatures
  Sigmund (D:2)
  A wyvern (D:8)
  A steam dragon (D:6)
  Edmund (D:5)
  An orc warrior (D:8)
  An ice beast (D:5)
  2 ogres
  2 centaurs
  A phantom (D:6)
  2 bullfrogs (D:8)
  3 necrophages
  A scorpion (D:4)
  A killer bee (D:8)
  A howler monkey (D:8)
  A crimson imp (D:5)
  A hound (D:6)
  8 orc priests
  Crazy Yiuf (D:2)
  A gnoll bouda (D:6)
  4 jellies
  Jessica (D:2)
  Natasha (thrice) (D:2)
  2 iguanas
  3 orc wizards
  14 gnolls
  6 adders
  2 white imps
  An ufetubus (D:5)
  A dart slug (D:3)
  24 orcs
  4 bats
  10 endoplasms
  4 giant cockroaches
  5 goblins
  5 hobgoblins
  2 quokkas (D:2)
  9 ball pythons
  4 frilled lizards
  6 kobolds
  10 rats
151 creatures vanquished.

Notes
Turn   | Place    | Note
-------+----------+-------------------------------------------
     0 | D:1      | experimilk the Draconian Conjurer began the quest for the
                  | Orb.
     0 | D:1      | Reached XP level 1. HP: 14/14 MP: 3/3
   128 | D:1      | Reached XP level 2. HP: 20/20 MP: 0/5
   137 | D:1      | Learned a level 2 spell: Searing Ray
   588 | D:1      | Found a faded altar of an unknown god.
   716 | D:1      | Found Cerhab's Distillery.
   737 | D:1      | Bought a potion of curing for 39 gold pieces
   772 | D:2      | Reached XP level 3. HP: 26/26 MP: 3/6
   908 | D:2      | Noticed Jessica
   910 | D:2      | Killed Jessica
   911 | D:2      | Reached skill level 5 in Conjurations
  1114 | D:2      | Found a runed translucent door.
  1115 | D:2      | Noticed Crazy Yiuf
  1188 | D:2      | Noticed Sigmund
  1199 | D:2      | Killed Sigmund
  1200 | D:2      | Reached XP level 4. HP: 25/33 MP: 5/8
  1200 | D:2      | Reached XP level 5. HP: 29/38 MP: 5/9
  1241 | D:2      | Noticed Natasha
  1245 | D:2      | Killed Natasha
  1363 | D:2      | Noticed Natasha
  1369 | D:2      | Killed Natasha
  1370 | D:2      | Reached XP level 6. HP: 45/45 MP: 1/10
  1636 | D:2      | Killed Crazy Yiuf
  1678 | D:2      | Noticed Natasha
  1680 | D:2      | Killed Natasha
  3095 | D:4      | Your scales start taking on a dull iron-grey colour.
  3095 | D:4      | Reached XP level 7. HP: 50/50 MP: 2/11
  3209 | D:4      | Learned a level 4 spell: Iskenderun's Mystic Blast
  3371 | D:4      | Found a staircase to the Ecumenical Temple.
  3385 | Temple   | Entered the Ecumenical Temple
  3649 | Temple   | Became a worshipper of Kikubaaqudgha
  3681 | D:4      | Found Fyxigavewk's Armour Boutique.
  3792 | D:4      | Found an ornate altar of the Wu Jian Council.
  4123 | D:4      | Learned a level 3 spell: Vampiric Draining
  4406 | D:4      | Reached skill level 1 in Necromancy
  4680 | D:4      | Found a hide-covered altar of Uskayaw.
  4785 | D:5      | Entered Level 5 of the Dungeon
  5606 | D:5      | Noticed Edmund
  5626 | D:5      | Killed Edmund
  5627 | D:5      | Reached XP level 8. HP: 55/57 MP: 3/12
  6190 | D:5      | Reached skill level 5 in Necromancy
  6659 | D:5      | Found a burning altar of Makhleb.
  6659 | D:5      | Found a radiant altar of Vehumet.
  6958 | D:6      | Reached * piety under Kikubaaqudgha
  6958 | D:6      | Received a gift from Kikubaaqudgha
  7117 | D:6      | Learned a level 1 spell: Kiss of Death
  7301 | D:6      | Found a shimmering altar of Xom.
  7316 | D:6      | Found a shimmering altar of Xom.
  7442 | D:6      | Reached XP level 9. HP: 55/55 MP: 7/13
  7486 | D:6      | Learned a level 2 spell: Cigotuvi's Dreadful Rot
  7582 | D:6      | Found a white marble altar of Elyvilon.
  7719 | D:6      | You fall into a shaft and drop 2 floors!
  7719 | D:8      | Found a sparkling altar of Nemelex Xobeh.
  7721 | D:8      | Found an iron altar of Okawaru.
  7722 | D:8      | Found a broken altar of Ashenzari.
  7722 | D:8      | Found a radiant altar of Vehumet.
  7743 | D:8      | Noticed a manticore
  8270 | D:8      | Identified the +9 great sword "Lygiev" {vorpal, +Blink
                  | SInv}
  8270 | D:8      | Identified the +0 fire dragon scales "Ygioduh" {+Inv rElec
                  | rF++ rC- Regen+ Dex-3}
  8270 | D:8      | Noticed a two-headed ogre
  8296 | D:8      | Killed from afar by a steam dragon

Illustrated notes

Levels and vault maps discovered:
D:1:      scummos_arrival_checkerplants, layout_rooms,
          nicolae_ecumenical_snake_handling, serial_shops, shop
D:2:      layout_basic, minmay_misc_feat_rows, st_stairs_8, uniq_sigmund,
          uniq_jessica, uniq_natasha, uniq_crazy_yiuf_cottage
D:3:      layout_loops_cross
D:4:      layout_basic, overflow_temple_1_default, nicolae_uskayaw_suspiria,
          minmay_temple_entry_sparse_star, serial_shops,
          nicolae_shop_temple_entry_statues_fountains, minmay_misc_feat_room
D:5:      layout_basic, grunt_temple_overflow_lords_of_destruction, uniq_edmund
D:6:      layout_basic, xom_redecorated, mainiacjoe_overflow_paths,
          grunt_decor_fettered, st_stairs_4
D:8:      minmay_the_grid_octo_triangle [minmay_the_grid_octo_focus,
          minmay_the_grid_octo_prize_star, minmay_the_grid_octo_shrine],
          layout_basic, nzn_hepliaklqana_mist_gate, special_room
          [special_room_kobold], chequers_serial_rivers_micro_b,
          uniq_prince_ribbit1
Temple:   minmay_temple_curvy_loop

Skill      XL: |  1  2  3  4  5  6  7  8  9 |
---------------+----------------------------+-----
Conjurations   | 6 8 9 |  9.1
Spellcasting   | 3 |  3.7
Necromancy     | 4 8 9 |  9.1
Dodging        | |  1.7
Stealth        | |  1.7

Action                   |  1- 3 |  4- 6 |  7- 9 || total
-------------------------+-------+-------+-------++-------
Melee: Hand axe          |     8 |    15 |    37 ||    60
       Tailslap          |     2 |     1 |     7 ||    10
       Staff             |       |       |    17 ||    17
 Cast: Magic Dart        |    40 |    51 |    68 ||   159
       Searing Ray       |     6 |    20 |    49 ||    75
       Iskenderun's Myst |       |       |     3 ||     3
       Kiss of Death     |       |       |     1 ||     1
       Vampiric Draining |       |       |     1 ||     1
  Use: Scroll            |     1 |       |     5 ||     6
       Potion            |     2 |       |     8 ||    10
Armor: Skin              |     2 |     6 |    53 ||    61
Dodge: Dodged            |     6 |     9 |    85 ||   100

Table legend: (Time is in decaauts)
 A = Elapsed time spent in this place.
 B = Non-inter-level travel time spent in this place.
 C = Inter-level travel time spent in this place.
 D = Time resting spent in this place.
 E = Time spent auto-exploring this place.
 F = Levels seen in this place.
 G = Mean time per level.
                   A        B        C        D        E       F      G
               +--------+--------+--------+--------+--------+-----+--------+
         Total |   8322 |   8125 |    197 |   1996 |   5237 |   8 | 1040.2 |
       Dungeon |   8034 |   7898 |    136 |   1996 |   5017 |   7 | 1147.7 |
        Temple |    287 |    226 |     61 |      0 |    220 |   1 |  287.0 |
               +--------+--------+--------+--------+--------+-----+--------+

Top non-repeatable levels by time:
     D:5: 1989 daAuts
     D:3: 1537 daAuts
     D:4: 1256 daAuts
     D:6: 962 daAuts
     D:2: 940 daAuts
     D:1: 768 daAuts
     D:8: 580 daAuts
  Temple: 287 daAuts
